 Dungeon Crawl Stone Soup version 0.26-a0-949-ga0cc1ef5f6 (webtiles) character file.

Game seed: 15750296994978175756

432682 mandarbmax the Slayer (level 23, -1/406 HPs)
             Began as an Ogre Transmuter on Nov 28, 2020.
             Was a High Priest of Okawaru.
             Slain by an ettin
             ... wielding a +0 dire flail
              (8 damage)
             ... on level 2 of the Depths on Nov 29, 2020.
             The game lasted 04:00:11 (75336 turns).

mandarbmax the Slayer (Ogre Transmuter)            Turns: 75336, Time: 04:00:12

Health: -1/406     AC: 16    Str: 34      XL:     23   Next: 94%
Magic:  0/27       EV: 15    Int: 23 (24) God:    Okawaru [*****.]
Gold:   3855       SH:  8    Dex: 12      Spells: 5/28 levels left

rFire    + + .     SeeInvis .     - Unarmed
rCold    x . .     Faith    .   (shield currently unavailable)
rNeg     . . .     Spirit   +   (armour currently unavailable)
rPois    +         Reflect  .   (helmet currently unavailable)
rElec    .         Harm     .   (cloak currently unavailable)
rCorr    .         Rampage  .   (gloves unavailable)
MR       +++..                  (boots unavailable)
Stlth    +++.......             v - brooch of Shielding {Spirit SH+8}
HPRegen  0.00/turn              g - +6 ring of intelligence
MPRegen  0.20/turn              b - ring of Cutilesch {MR+ Str+4}

@: lethally poisoned (-1 -> -39), dragon-form, heroism, finesse, wereblooded,
flying
A: giant, unfitting armour, blurry vision 2, low mp 1, inhibited regeneration
}: 2/15 runes: decaying, serpentine
a: End Transformation, Heroism, Finesse, Renounce Religion, Breathe Fire


You were on level 2 of the Depths.
You worshipped Okawaru.
Okawaru was extremely pleased with you.
You were a fearsome dragon!
You visited 9 branches of the dungeon, and saw 41 of its levels.
You also visited: Ossuary, Ice Cave and Desolation.

You collected 5398 gold pieces.
You spent 1543 gold pieces at shops.

Inventory:

Missiles
 d - 2 throwing nets
 e - 124 poisoned darts
 r - 19 curare-tipped darts
 s - 53 boomerangs
 x - 106 large rocks
 F - 8 boomerangs of dispersal
 G - 34 silver javelins
 O - 15 atropa-tipped darts
 P - 30 javelins
 R - 36 silver boomerangs
 V - 11 datura-tipped darts
Armour
 k - a scarf of repulsion (melded)
 p - +6 acid dragon scales (melded)
 W - a +2 hat of intelligence (melded)
Jewellery
 a - an uncursed ring of protection from cold
 b - the ring of Cutilesch (right foreclaw) {MR+ Str+4}
   (You found it on level 3 of the Snake Pit)

   [ring of protection from magic]

   It affects your strength (+4).
   It affects your resistance to hostile enchantments.
 g - a +6 ring of intelligence (left foreclaw)
 h - an uncursed ring of resist corrosion
 o - an uncursed ring of see invisible
 v - the brooch of Shielding (around neck) {Spirit SH+8}
   (You found it in an ossuary)

   [amulet of guardian spirit]

   It causes incoming damage to be split between your health and magic.
   It affects your SH (+8).
 C - an uncursed ring of protection from fire
Wands
 j - a wand of polymorph (23)
 l - a wand of digging (25)
 m - a wand of acid (25)
 z - a wand of paralysis (75)
 E - a wand of disintegration (9)
 M - a wand of enslavement (39)
 X - a wand of iceblast (45)
Scrolls
 y - 6 scrolls of magic mapping
 B - 10 scrolls of teleportation
 D - a scroll of holy word
 H - 6 scrolls of fog
 J - 4 scrolls of blinking
 K - 6 scrolls of fear
 T - 2 scrolls of summoning
 Y - 8 scrolls of identify
Potions
 c - 3 potions of invisibility
 f - 2 potions of might
 i - 9 potions of curing
 n - a potion of heal wounds
 q - 2 potions of resistance
 t - a potion of ambrosia
 w - 10 potions of brilliance
 L - 3 potions of magic
 N - 5 potions of haste
Miscellaneous
 u - a phial of floods
 A - a phantom mirror
 I - a box of beasts
 S - a tin of tremorstones (inert)
 U - a condenser vane (inert)
 Z - a lightning rod (4/4)


   Skills:
 - Level 24.0(27) Fighting
 - Level 6.0(11.0) Throwing
 - Level 12.0(17.0) Armour
 - Level 15.0(20.0) Dodging
 + Level 18.5(23.5) Unarmed Combat
 - Level 3.0 Spellcasting
 - Level 15.0 Transmutations
 + Level 8.9 Ice Magic
 - Level 10.0 Invocations
 - Level 6.0 Evocations


You had 5 spell levels left.
You knew the following spells:

 Your Spells              Type           Power        Failure   Level
a - Hydra Form            Tmut           ######....   3%          6
b - Wereblood             Tmut           ######..     1%          2
c - Dragon Form           Tmut           ######....   21%         7
e - Blade Hands           Tmut           ######....   1%          5
o - Ozocubu's Armour      Ice            #####...     1%          3

Your spell library contained the following spells:

 Spells                   Type           Power        Failure   Level
 Beastly Appendage        Tmut           ######       1%          1
 Freeze                   Ice            ####         1%          1
 Sting                    Tmut/Pois      ####         1%          1
 Passwall                 Tmut/Erth      #####...     1%          2
 Frozen Ramparts          Ice            #####.       1%          3
 Spider Form              Tmut/Pois      #####.....   1%          3
 Ice Form                 Ice/Tmut       ######..     1%          4
 Ensorcelled Hibernation  Hex/Ice        ###...       2%          2
 Ignite Poison            Fire/Tmut/Pois ####....     4%          3
 Petrify                  Tmut/Erth      #####...     5%          4
 Animate Skeleton         Necr           #.....       12%         1
 Apportation              Tloc           #.....       12%         1
 Corona                   Hex            #......      12%         1
 Pain                     Necr           #...         12%         1
 Sandblast                Erth           #.....       12%         1
 Summon Small Mammal      Summ           #...         12%         1
 Yara's Violent Unravell  Hex/Tmut       #####.....   14%         5
 Call Imp                 Summ           #.......     17%         2
 Corpse Rot               Necr/Air       N/A          17%         2
 Hailstorm                Conj/Ice       ###.....     19%         4
 Summon Ice Beast         Ice/Summ       ###.....     19%         4
 Call Canine Familiar     Summ           #.......     34%         3
 Confusing Touch          Hex            #.......     34%         3
 Dazzling Flash           Conj/Hex       #.....       34%         3
 Static Discharge         Conj/Air       #.......     34%         3
 Stone Arrow              Conj/Erth      #.....       34%         3
 Summon Guardian Golem    Hex/Summ       #.......     34%         3
 Tukima's Dance           Hex            #.......     34%         3
 Vampiric Draining        Necr           #.........   34%         3
 Metabolic Englaciation   Hex/Ice        ###.......   45%         5
 Animate Dead             Necr           #.........   75%         4
 Summon Lightning Spire   Summ/Air       #.......     75%         4
 Agony                    Necr           #.......     97%         5
 Bolt of Magma            Conj/Fire/Erth #.........   97%         5
 Borgnjor's Vile Clutch   Necr/Erth      #.........   97%         5
 Fireball                 Conj/Fire      #.........   97%         5
 Iskenderun's Battlesphe  Conj           #.......     97%         5
 Lee's Rapid Deconstruct  Erth           #.........   97%         5
 Lightning Bolt           Conj/Air       #.........   97%         5
 Silence                  Hex/Air        #.........   97%         5
 Summon Demon             Summ           #.........   97%         5
 Summon Forest            Summ/Tloc      #.........   97%         5
 Summon Mana Viper        Hex/Summ       #.......     97%         5
 Ozocubu's Refrigeration  Ice            #####.....   41%         6
 Eringya's Noxious Bog    Tmut/Pois      #####.....   63%         6
 Simulacrum               Ice/Necr       ###.......   96%         6
 Freezing Cloud           Conj/Ice/Air   ###.......   99%         6
 Conjure Ball Lightning   Conj/Air       #.........   100%        6
 Death Channel            Necr           #.........   100%        6
 Iron Shot                Conj/Erth      #.........   100%        6
 Shadow Creatures         Summ           N/A          100%        6
 Starburst                Conj/Fire      #.........   100%        6
 Orb of Destruction       Conj           #.........   100%        7
 Spellforged Servitor     Conj/Summ      #.........   100%        7
 Summon Hydra             Summ           #.........   100%        7
 Ignition                 Fire           #.........   100%        8
 Shatter                  Erth           #.........   100%        9
 Tornado                  Air            #.........   100%        9


Dungeon Overview and Level Annotations

Branches:
Dungeon (15/15)            Temple (1/1) D:6            Lair (6/6) D:9
  Swamp (4/4) Lair:4        Snake (4/4) Lair:3        Slime (0/5) Lair:5
    Orc (2/2) D:10            Elf (3/3) Orc:2        Vaults (4/5) D:13
  Crypt (0/3) Vaults:2     Depths (2/5) D:15        Ossuary (visited)
  IceCv (visited)         Desolation (visited)

Altars:
Ashenzari
Cheibriados
Dithmenos
Elyvilon
Fedhas
Gozag
Hepliaklqana
Kikubaaqudgha
Makhleb
Nemelex Xobeh
Okawaru
Qazlal
Ru
Sif Muna
Trog
Uskayaw
Vehumet
Wu Jian
Xom
Yredelemnul
Zin
The Shining One
Beogh

Shops:
D:5 (   D:7 *   D:9 *   D:14 [   Orc:2 *(!}   Elf:2 !*[   Snake:4 (

Portals:
Hell: Depths:1

Annotations:
D:3 Yiuf 1 runed translucent door, Crazy Yiuf
Depths:2 Mara


Innate Abilities, Weirdness & Mutations

You are too large for most types of armour.
((You have tough skin. (AC +1)))
((You have sharp fingernails.))
((You are partially covered in iridescent scales. (AC +2)))
Scrolls take you longer to read.
Your magical capacity is low. (-10% MP)
((You are resistant to electric shocks. (rElec)))
You do not regenerate when monsters are visible.


Message History

Mara is engulfed in freezing vapours.
Mara gestures at you. The bolt of fire misses you. The ettin misses you.
The ettin hits you with a +1 dire flail of venom!!
* * * LOW HITPOINT WARNING * * *
The spriggan air mage is engulfed in freezing vapours.
Mara gestures at you.
There is a horrible, sudden wrenching feeling in your soul!
The glowing orange brain pulsates.
You feel dopey. Something feeds on your intellect!
The rakshasa is engulfed in freezing vapours.
You begin reading the scroll.
You continue reading the scroll.
The spriggan air mage is engulfed in freezing vapours.
Mara is engulfed in freezing vapours.
Mara hits you with a +3 demon trident of venom!!
* * * LOW HITPOINT WARNING * * *
You are lethally poisoned!
The ettin hits you with a +0 dire flail!
You die...

.# .... .# ..# #..
..§§.. .# ..# .. G§....
.#...### ###.C §°§...
.##'##.## ##.##D##§§§...
........# #.....§R§§§...
.......#####....)§☼§§...
.......#...#((((Ci§§§...
.......+...[(...DR§○....
.......#...#(....§§§....
.......#####(....R......
...........(!.....@.....
..>..........####.......
#............# ...###.
#.............# ...#
#....##........# ....
..##..##.........


You could see 2 Maras, a golden dragon, 2 ettins, a rakshasa, a glowing orange
brain, a spriggan air mage (repels missiles) and mandarbmax's illusion.

Vanquished Creatures
  Bai Suzhen (Vaults:2)
  Xtahua (Vaults:2)
  The ghost of crisisinutopia the Impregnable, an adept MiFi of Okawaru (Vaults:2)
  Nikola (Swamp:1)
  The ghost of avis the Severer, an adept BaIE of Gozag (Vaults:3)
  A tentacled monstrosity (Vaults:4)
  Jorgrun (Snake:1)
  An Ice Fiend (IceCv)
  A titan (Depths:2)
  2 deep elf blademasters (Elf:3)
  2 deep elf master archers (Elf:3)
  Frances (D:12)
  Gastronok (D:12)
  A sphinx (Vaults:3)
  Agnes (Elf:2)
  A thorn hunter (Swamp:3)
  Donald (Snake:4)
  A tengu reaver (Depths:1)
  7 nagarajas
  A fire giant (Vaults:3)
  2 frost giants (Vaults:3)
  An imperial myrmidon (Desolation)
  Aizul (Snake:4)
  9 vault wardens
  2 orc warlords
  4 deep elf sorcerers
  A ghoul (Vaults:2)
  3 deep elf elementalists (Elf:3)
  11 ironheart preservers
  2 entropy weavers
  A very ugly thing (Depths:1)
  10 stone giants
  8 deep elf demonologists
  7 bunyips
  6 deep elf annihilators
  4 spark wasps (Depths:2)
  2 eidola (Vaults:2)
  3 eleionomae
  6 deep elf death magi (Elf:3)
  6 crystal guardians
  An ettin (Vaults:3)
  Josephine (D:13)
  7 fire dragons
  2 deep elf high priests (Elf:3)
  9 yaktaur captains
  3 great orbs of eyes
  5 ragged hierophants (Desolation)
  4 boulder beetles
  8 peacekeepers
  14 naga warriors
  A rakshasa (Vaults:3)
  A juggernaut simulacrum (Depths:1)
  6 ice dragons
  9 servants of whispers (Desolation)
  7 vault guards
  10 hydras
  13 centaur warriors
  2 ghost crabs
  Erica (D:11)
  12 anacondas
  2 death knights
  27 dancing weapons
  10 alligators
  18 ogre magi
  A deep troll shaman (Depths:2)
  10 death yaks
  A tengu warrior (D:15)
  A deep troll earth mage (Depths:2)
  51 two-headed ogres
  Urug (Lair:2)
  3 orc high priests
  8 shock serpents
  A titan zombie (Depths:1)
  Sonja (Lair:1)
  9 naga sharpshooters
  18 deep elf knights
  5 skeletal warriors
  A salamander mystic (Snake:1)
  5 goliath frogs
  11 sea snakes
  A glowing orange brain (D:15)
  A death drake (Swamp:2)
  A spriggan druid (Swamp:3)
  2 spectral hydras (Swamp:2)
  A shadow dragon zombie (Depths:1)
  2 naga ritualists
  22 deep elf archers
  3 flayed ghosts
  A swamp dragon (shapeshifter) (Vaults:2)
  6 unseen horrors
  7 bog bodies
  8 deep trolls
  An unseen horror (shapeshifter) (D:15)
  4 wizards
  3 swamp dragons
  4 necromancers
  A lindwurm (shapeshifter) (Elf:2)
  5 phantasmal warriors
  13 ironbrand convokers
  An oklob plant (Lair:1)
  A harpy (shapeshifter) (D:15)
  7 goliath frog zombies (Swamp:2)
  Pikel (D:7)
  7 orc knights
  An orange crystal statue (Snake:3)
  3 wolf spider zombies
  8 mana vipers
  2 wolf spiders
  13 salamanders
  7 orc sorcerers
  63 deep elf magi
  2 will-o-the-wisps (Swamp:2)
  9 cyclopes
  27 ugly things
  A shining eye (shapeshifter) (Vaults:4)
  2 large abominations (Swamp:2)
  A salamander (shapeshifter) (Depths:1)
  A stone giant zombie (Vaults:1)
  3 manticores
  30 black mambas
  Joseph (Lair:1)
  15 guardian serpents
  An ice statue (IceCv)
  10 elephants
  An elephant (shapeshifter) (Vaults:4)
  17 naga magi
  6 vault sentinels
  A black mamba (shapeshifter) (Depths:1)
  An eye of devastation (shapeshifter) (Vaults:3)
  A torpor snail (Lair:5)
  A molten gargoyle (Desolation)
  A gargoyle (D:15)
  30 cane toads
  7 swamp worm zombies (Swamp:2)
  3 centaur skeletons
  2 yaktaur zombies (Vaults:1)
  19 freezing wraiths
  Maggie (D:6)
  A kobold demonologist (D:13)
  A rime drake (shapeshifter) (Elf:2)
  11 komodo dragons
  28 yaktaurs
  9 rime drakes
  2 golden dragon simulacra (IceCv)
  2 anaconda simulacra (IceCv)
  6 ice devils
  10 trolls
  3 tengu conjurers
  A merfolk (shapeshifter) (Vaults:2)
  2 trolls (shapeshifter) (Vaults:4)
  A polar bear (shapeshifter) (Vaults:1)
  A jumping spider (Vaults:4)
  2 meliai (shapeshifter)
  31 slime creatures
  6 polar bears
  2 hornets
  2 bloated husks (Swamp:2)
  A queen bee (shapeshifter) (Vaults:1)
  10 tyrant leeches
  A wind drake (shapeshifter) (Vaults:3)
  51 saltlings (Desolation)
  Prince Ribbit (D:7)
  Grinder (D:6)
  9 dream sheep
  40 blink frogs
  2 alligator zombies (Swamp:2)
  4 spectral swamp dragons (Swamp:2)
  A fire giant simulacrum (Vaults:2)
  A deep troll skeleton (Depths:1)
  2 air elementals
  An ettin zombie (Depths:1)
  3 wyverns
  4 redbacks
  4 shadows
  Sigmund (D:2)
  A redback (shapeshifter) (Vaults:4)
  A water elemental (Elf:2)
  A hog (shapeshifter) (Vaults:1)
  14 wraiths
  A basilisk (shapeshifter) (D:14)
  2 fire bats (Depths:1)
  47 yaks
  4 basilisks
  A human simulacrum (Vaults:3)
  4 wargs
  4 swamp worm simulacra (Swamp:4)
  15 vampire mosquitoes
  2 harpy simulacra (IceCv)
  2 soldier ants (D:12)
  56 nagas
  A soldier ant (shapeshifter) (D:15)
  15 swamp worms
  4 iron troll simulacra (IceCv)
  An acid dragon (Vaults:1)
  A floating eye (shapeshifter) (D:15)
  24 hydra simulacra
  10 water moccasins
  A human zombie (Vaults:2)
  4 swamp drakes
  3 sky beasts
  22 orc warriors
  A phantom (D:13)
  7 black bears
  2 eyes of draining
  3 ice beasts
  An ettin simulacrum (IceCv)
  67 ogres
  5 boggarts (Depths:2)
  11 wolves
  29 centaurs
  A lemure (D:7)
  3 big kobolds
  Blork the orc (D:6)
  A wyvern zombie (D:11)
  36 bullfrogs
  2 earth elementals
  5 scorpions
  2 wyvern skeletons
  4 troll zombies (Swamp:2)
  A water moccasin skeleton (D:8)
  2 spriggan zombies (Swamp:2)
  6 killer bees (D:8)
  An orc simulacrum (Vaults:2)
  4 wights (D:9)
  2 vampire bats (Orc:1)
  3 electric eels
  2 howler monkeys
  2 bullfrog zombies (D:13)
  A quasit (D:7)
  2 draconian simulacra (IceCv)
  2 centaur zombies
  8 hounds
  20 orc priests
  4 bullfrog skeletons
  A gnoll shaman (D:5)
  An iron imp (D:4)
  2 jellies
  8 iguanas
  Ijyb (D:3)
  24 orc wizards
  3 troll simulacra (IceCv)
  7 hell rats (Lair:5)
  5 worker ants
  A polar bear simulacrum (IceCv)
  A spriggan simulacrum (IceCv)
  4 centaur simulacra (IceCv)
  2 hound skeletons
  4 mummies
  2 worker ant zombies
  18 gnolls
  9 adders
  3 ogre simulacra (IceCv)
  5 shadow imps
  11 white imps
  4 swamp drake simulacra (Swamp:4)
  7 ufetubi
  5 worms
  2 dart slugs
  5 leopard geckos
  78 orcs
  3 giant cockroaches
  A gnoll zombie (Ossuary)
  3 goblins
  10 hobgoblins
  6 jackals
  7 quokkas
  2 ball pythons (D:1)
  12 bats
  6 frilled lizards
  4 goblin zombies (Ossuary)
  3 hobgoblin zombies
  A jackal zombie (D:7)
  16 kobolds
  4 kobold zombies (Ossuary)
  An orc zombie (D:5)
  A quokka skeleton (D:7)
  7 rats
  8 briar patches (Swamp:3)
  3 crawling corpses (Elf:3)
1862 creatures vanquished.

Vanquished Creatures (collateral kills)
  A nagaraja (Snake:4)
  An ogre (Orc:2)
2 creatures vanquished.

Vanquished Creatures (others)
  2 sea snakes (Snake:4)
  2 bloated husks (Swamp:1)
  2 swamp drakes
  A kobold zombie (Ossuary)
  3 briar patches (Swamp:3)
  4 foxfires (Swamp:2)
  83 fungi
  180 plants
  3 withered plants (Swamp:2)
280 creatures vanquished.

Grand Total: 2144 creatures vanquished

Notes
Turn   | Place    | Note
-------+----------+-------------------------------------------
     0 | D:1      | mandarbmax the Ogre Transmuter began the quest for the Orb.
     0 | D:1      | Reached XP level 1. HP: 19/19 MP: 3/3
   144 | D:1      | Reached XP level 2. HP: 28/28 MP: 3/5
   207 | D:1      | Learned a level 2 spell: Wereblood
   310 | D:1      | Reached skill level 2 in Fighting
   524 | D:1      | Reached XP level 3. HP: 35/35 MP: 5/7
   799 | D:1      | Learned a level 3 spell: Spider Form
  2310 | D:2      | Reached XP level 4. HP: 42/42 MP: 5/8
  2412 | D:2      | Noticed Sigmund
  2422 | D:2      | Killed Sigmund
  2423 | D:2      | Reached XP level 5. HP: 33/49 MP: 6/9
  2455 | D:2      | Learned a level 4 spell: Ice Form
  2924 | D:3      | Reached XP level 6. HP: 57/57 MP: 6/10
  2958 | D:3      | Noticed Ijyb
  2966 | D:3      | Paralysed by Ijyb for 2 turns
  2970 | D:3      | Killed Ijyb
  2985 | D:3      | Reached skill level 1 in Ice Magic
  3134 | D:3      | Found a white marble altar of Elyvilon.
  3204 | D:3      | Reached skill level 3 in Fighting
  3657 | D:3      | Found a roughly hewn altar of Beogh.
  3670 | D:3      | Reached XP level 7. HP: 42/67 MP: 6/11
  4077 | D:3      | Found a hide-covered altar of Uskayaw.
  4156 | D:3      | Found a runed translucent door.
  4157 | D:3      | Noticed Crazy Yiuf
  4452 | D:3      | Found a hazy altar of Hepliaklqana.
  4453 | D:3      | Found a shimmering altar of Xom.
  4455 | D:3      | Noticed a spectral ugly thing
  4691 | D:4      | Found a basalt altar of Yredelemnul.
  4691 | D:4      | Found a blossoming altar of Fedhas.
  4860 | D:4      | Reached skill level 5 in Transmutations
  5077 | D:4      | Reached skill level 4 in Fighting
  5104 | D:4      | Found a snail-covered altar of Cheibriados.
  5432 | D:5      | Entered Level 5 of the Dungeon
  5446 | D:5      | Reached skill level 5 in Fighting
  5520 | D:5      | Found a sand-covered staircase.
  5530 | Ossuary  | Entered an ossuary
  5530 | Ossuary  | Noticed a wraith
  5530 | Ossuary  | Noticed a wraith
  5530 | Ossuary  | Noticed a wraith
  6082 | Ossuary  | Found the brooch of Shielding {Spirit SH+8}
  6124 | Ossuary  | Noticed a wraith
  6131 | Ossuary  | Killed a wraith
  6132 | Ossuary  | Reached XP level 8. HP: 78/81 MP: 5/12
  6283 | D:5      | Gained mutation: Armour fits poorly on your strangely
                  | shaped body. [mutagenic glow]
  6302 | D:5      | Reached skill level 5 in Unarmed Combat
  6633 | D:5      | Found a sparkling altar of Nemelex Xobeh.
  6634 | D:5      | Found an opulent altar of Gozag.
  6654 | D:5      | Found Elolic's Weapon Emporium.
  6670 | D:5      | Reached skill level 6 in Fighting
  7563 | D:5      | Reached skill level 7 in Fighting
  7745 | D:5      | Reached XP level 9. HP: 93/93 MP: 7/13
  8224 | D:6      | Found a staircase to the Ecumenical Temple.
  8224 | D:6      | Noticed Grinder
  8237 | D:6      | Killed Grinder
  8238 | D:6      | Reached skill level 8 in Fighting
  8256 | Temple   | Entered the Ecumenical Temple
  8275 | Temple   | Became a worshipper of Warmaster Okawaru
  8462 | D:6      | Noticed Maggie
  8475 | D:6      | Killed Maggie
  8622 | D:6      | Noticed Blork the orc
  8631 | D:6      | Killed Blork the orc
  8632 | D:6      | Reached skill level 9 in Fighting
  9114 | D:7      | Found Pynaunamn's Assorted Antiques.
  9159 | D:7      | Noticed Pikel
  9171 | D:7      | Killed Pikel
  9171 | D:7      | Reached * piety under Okawaru
  9172 | D:7      | Reached XP level 10. HP: 107/107 MP: 7/14
  9285 | D:7      | Bought a fuming ruby potion for 14 gold pieces
  9285 | D:7      | Bought a scroll labelled HAHA VIEZXAUSAIR for 16 gold
                  | pieces
  9285 | D:7      | Bought a halberd for 64 gold pieces
  9531 | D:7      | Noticed Prince Ribbit
  9553 | D:7      | Reached ** piety under Okawaru
  9554 | D:7      | Reached skill level 10 in Fighting
  9559 | D:7      | Killed Prince Ribbit
  9888 | D:7      | Found a broken altar of Ashenzari.
 10080 | D:8      | Noticed a two-headed ogre
 10086 | D:8      | Killed a two-headed ogre
 10086 | D:8      | Reached *** piety under Okawaru
 10103 | D:8      | Noticed a two-headed ogre
 10111 | D:8      | Killed a two-headed ogre
 10230 | D:8      | Found a shimmering blue altar of Sif Muna.
 10442 | D:8      | Found an ornate altar of the Wu Jian Council.
 10442 | D:8      | Found a glowing golden altar of the Shining One.
 10443 | D:8      | Found a bloodstained altar of Trog.
 10671 | D:8      | Found an ancient bone altar of Kikubaaqudgha.
 10928 | D:9      | Reached XP level 11. HP: 111/119 MP: 11/15
 10962 | D:9      | Reached skill level 1 in Throwing
 11038 | D:9      | Noticed a manticore
 11045 | D:9      | Killed a manticore
 11046 | D:9      | Reached skill level 11 in Fighting
 11046 | D:9      | Reached skill level 1 in Invocations
 11048 | D:9      | Reached skill level 1 in Evocations
 11186 | D:9      | Reached **** piety under Okawaru
 11413 | D:9      | Found a staircase to the Lair.
 11437 | D:9      | Received a gift from Okawaru
 11565 | D:9      | Found Hieng's General Store.
 11608 | D:9      | Reached skill level 10 in Unarmed Combat
 11931 | D:10     | Entered Level 10 of the Dungeon
 12150 | D:10     | Found a staircase to the Orcish Mines.
 13098 | D:11     | Noticed a two-headed ogre
 13102 | D:11     | Killed a two-headed ogre
 13116 | D:11     | Received a gift from Okawaru
 13621 | D:11     | Noticed a boulder beetle
 13672 | D:11     | Noticed a cyclops
 13690 | D:11     | Killed a cyclops
 13789 | D:11     | Killed a boulder beetle
 13790 | D:11     | Reached skill level 5 in Throwing
 13901 | D:11     | Received a gift from Okawaru
 14141 | D:11     | Noticed a cyclops
 14150 | D:11     | Killed a cyclops
 14306 | D:11     | Noticed Erica
 14325 | D:11     | Killed Erica
 14325 | D:11     | Reached ***** piety under Okawaru
 14325 | D:11     | Received a gift from Okawaru
 14326 | D:11     | Reached XP level 12. HP: 128/132 MP: 13/16
 14690 | D:12     | Reached skill level 12 in Fighting
 14847 | D:7      | Bought a condenser vane for 640 gold pieces
 14847 | D:7      | Bought a wand of enslavement (11) for 32 gold pieces
 14898 | Lair:1   | Entered Level 1 of the Lair of Beasts
 15090 | Lair:1   | Received a gift from Okawaru
 15091 | Lair:1   | Reached skill level 5 in Invocations
 15107 | Lair:1   | Received a gift from Okawaru
 15172 | Lair:1   | Noticed a six-headed hydra
 15177 | Lair:1   | Killed a six-headed hydra
 15362 | Lair:1   | Received a gift from Okawaru
 15764 | Lair:1   | Noticed Sonja
 15771 | Lair:1   | Killed Sonja
 15885 | Lair:1   | Noticed Joseph
 15892 | Lair:1   | Killed Joseph
 16296 | Lair:2   | Noticed a boulder beetle
 16312 | Lair:2   | Killed a boulder beetle
 16313 | Lair:2   | Reached skill level 13 in Fighting
 16393 | Lair:2   | Reached skill level 5 in Evocations
 16669 | Lair:2   | Reached XP level 13. HP: 71/144 MP: 6/17
 16960 | Lair:2   | Noticed Urug
 16972 | Lair:2   | Killed Urug
 17648 | Lair:3   | Received a gift from Okawaru
 17654 | Lair:3   | Reached skill level 14 in Fighting
 17720 | Lair:3   | Found a staircase to the Snake Pit.
 18667 | D:7      | Bought a hardcover book for 240 gold pieces
 18667 | D:7      | Bought a scroll of enchant armour for 120 gold pieces
 18667 | D:7      | Bought a scroll of identify for 32 gold pieces
 19449 | Lair:4   | Received a gift from Okawaru
 19527 | Lair:4   | Reached skill level 15 in Fighting
 19664 | Lair:4   | Reached ****** piety under Okawaru
 19788 | Lair:4   | Found a staircase to the Swamp.
 19995 | Lair:4   | Received a gift from Okawaru
 20617 | Lair:4   | Lost mutation: Armour fits poorly on your strangely shaped
                  | body. [potion of mutation]
 20617 | Lair:4   | Gained mutation: You expend magic power (3 MP) to
                  | strengthen your wands. [potion of mutation]
 20617 | Lair:4   | Gained mutation: You are weak. (Str -2) [potion of
                  | mutation]
 20617 | Lair:4   | Gained mutation: You are partially covered in yellow
                  | scales. (AC +2) [potion of mutation]
 21051 | Lair:5   | Reached XP level 14. HP: 159/159 MP: 10/18
 21330 | Lair:5   | Found a staircase to the Slime Pits.
 21343 | Lair:5   | Reached skill level 5 in Dodging
 21378 | Lair:5   | Received a gift from Okawaru
 21536 | Lair:5   | Received a gift from Okawaru
 22466 | Lair:6   | Entered Level 6 of the Lair of Beasts
 22498 | Lair:6   | Reached skill level 16 in Fighting
 23590 | Lair:6   | Received a gift from Okawaru
 23961 | Lair:6   | Reached XP level 15. HP: 108/171 MP: 7/19
 25901 | Orc:1    | Entered Level 1 of the Orcish Mines
 26717 | Orc:1    | Received a gift from Okawaru
 26826 | Orc:2    | Entered Level 2 of the Orcish Mines
 26936 | Orc:2    | Noticed an orc warlord
 26949 | Orc:2    | Killed an orc warlord
 27332 | Orc:2    | Noticed an orc warlord
 27362 | Orc:1    | Killed an orc warlord
 27593 | Orc:2    | Found a staircase to the Elven Halls.
 27682 | Orc:2    | Received a gift from Okawaru
 27684 | Orc:2    | Reached skill level 17 in Fighting
 27712 | Orc:2    | Received a gift from Okawaru
 28050 | Orc:2    | Learned a level 6 spell: Hydra Form
 28100 | Orc:2    | Found Ockyarae's Distillery.
 28100 | Orc:2    | Found Ymocoo's Gadget Emporium.
 28102 | Orc:2    | Found Depu's Weapon Boutique.
 28102 | Orc:2    | Found Zikky's General Store.
 28127 | Orc:2    | Bought a potion of berserk rage for 55 gold pieces
 28172 | Orc:2    | Found a roughly hewn altar of Beogh.
 28574 | Orc:2    | Bought a potion of heal wounds for 55 gold pieces
 28574 | Orc:2    | Bought a potion of heal wounds for 55 gold pieces
 28574 | Orc:2    | Bought a potion of haste for 110 gold pieces
 28574 | Orc:2    | Bought a potion of haste for 110 gold pieces
 28715 | Swamp:1  | Entered Level 1 of the Swamp
 28933 | Lair:4   | Reached XP level 16. HP: 177/183 MP: 10/20
 29727 | Swamp:1  | Noticed Nikola
 29743 | Swamp:1  | Killed Nikola
 29744 | Swamp:1  | Reached skill level 10 in Dodging
 30087 | Swamp:1  | Gained mutation: You are dopey. (Int -2) [mutagenic glow]
 30101 | Swamp:1  | Gained mutation: Your spells are a little easier to cast,
                  | but a little less powerful. [mutagenic glow]
 30108 | Swamp:1  | Reached skill level 10 in Transmutations
 30122 | Swamp:1  | Gained mutation: You are clumsy. (Dex -2) [mutagenic glow]
 30269 | Lair:6   | Lost mutation: You are clumsy. (Dex -2) [potion of
                  | mutation]
 30269 | Lair:6   | Lost mutation: You are weak. (Str -2) [potion of mutation]
 30269 | Lair:6   | Lost mutation: You expend magic power (3 MP) to strengthen
                  | your wands. [potion of mutation]
 30269 | Lair:6   | Gained mutation: You have sharp fingernails. [potion of
                  | mutation]
 30269 | Lair:6   | Gained mutation: You are partially covered in iridescent
                  | scales. (AC +2) [potion of mutation]
 30938 | Swamp:1  | Received a gift from Okawaru
 30939 | Swamp:1  | Got a fine kite shield {god gift}
 31230 | Swamp:1  | Learned a level 5 spell: Blade Hands
 32472 | Swamp:2  | Reached skill level 15 in Unarmed Combat
 33329 | Swamp:2  | Identified the +0 kite shield "Ratyvups" {rElec rF+ Regen+
                  | Dex-5} (Okawaru gifted it to you on level 1 of the Swamp)
 33852 | Swamp:3  | Received a gift from Okawaru
 34238 | Swamp:3  | Reached skill level 18 in Fighting
 34644 | Swamp:3  | Noticed a thorn hunter
 35083 | Swamp:3  | Killed a thorn hunter
 35083 | Swamp:3  | Received a gift from Okawaru
 35332 | Swamp:3  | Received a gift from Okawaru
 35669 | Swamp:4  | Entered Level 4 of the Swamp
 35699 | Swamp:3  | Reached XP level 17. HP: 192/192 MP: 12/21
 37620 | Swamp:4  | Got a decaying rune of Zot
 38021 | D:12     | Received a gift from Okawaru
 38427 | D:12     | Noticed Gastronok
 38437 | D:12     | Killed Gastronok
 38437 | D:12     | Received a gift from Okawaru
 38610 | D:12     | Noticed Frances
 38622 | D:12     | Killed Frances
 39361 | D:13     | Received a gift from Okawaru
 39889 | D:13     | Noticed Josephine
 39902 | D:13     | Killed Josephine
 40229 | D:13     | Found a gate to the Vaults.
 40914 | D:14     | Found Zuigam's Antique Armour Shoppe.
 42019 | D:15     | Entered Level 15 of the Dungeon
 42058 | D:15     | Reached skill level 19 in Fighting
 42681 | D:15     | Found a broken altar of Ashenzari.
 42903 | D:15     | Reached XP level 18. HP: 104/207 MP: 6/22
 43227 | D:15     | Found a staircase to the Depths.
 43388 | D:13     | Identified the +1 robe of Okawaru's Inspiration {SInv}
                  | (Okawaru gifted it to you on level 13 of the Dungeon)
 43554 | Snake:1  | Entered Level 1 of the Snake Pit
 43595 | Snake:1  | Noticed Jorgrun
 43612 | Snake:1  | Killed Jorgrun
 43898 | Snake:1  | Received a gift from Okawaru
 46720 | Snake:2  | Reached skill level 20 in Fighting
 47594 | Snake:2  | Received a gift from Okawaru
 47610 | Snake:3  | Received a gift from Okawaru
 47997 | Snake:3  | Received a gift from Okawaru
 48337 | Snake:3  | Found a transporter.
 48351 | Snake:3  | Found a transporter.
 49188 | Snake:3  | Identified the ring of Cutilesch {MR+ Str+4} (You found it
                  | on level 3 of the Snake Pit)
 49208 | Snake:3  | Learned a level 3 spell: Ozocubu's Armour
 49290 | Snake:4  | Entered Level 4 of the Snake Pit
 49334 | Snake:4  | Noticed Aizul
 49347 | Snake:4  | Identified the +6 hunting sling "Urefuj" {flame, Str+3}
 49350 | Snake:4  | HP: 9/274 [salamander/arrow (8)]
 49351 | Snake:3  | HP: 4/274 [poisoned by Aizul (bolt of poison)]
 49912 | Snake:3  | Received a gift from Okawaru
 49918 | Snake:3  | Got a slimy robe {god gift}
 50006 | Snake:3  | Identified the +1 robe of Trial and Error {+Inv Regen+
                  | Str-4 Int+2} (Okawaru gifted it to you on level 3 of the
                  | Snake Pit)
 50037 | Snake:4  | Killed Aizul
 50038 | Snake:4  | Reached XP level 19. HP: 221/221 MP: 8/26
 50294 | Snake:4  | Noticed Donald
 50304 | Snake:4  | Killed Donald
 50410 | Snake:4  | Found Bahatta's Antique Weapon Boutique.
 50470 | Snake:4  | Reached skill level 10 in Invocations
 52364 | Snake:4  | Received a gift from Okawaru
 52815 | Snake:4  | Reached skill level 1 in Armour
 52850 | Snake:4  | Received a gift from Okawaru
 53289 | Snake:4  | Got a serpentine rune of Zot
 53818 | Vaults:1 | Entered Level 1 of the Vaults
 54019 | Vaults:1 | Reached skill level 5 in Ice Magic
 54021 | Vaults:1 | Reached skill level 21 in Fighting
 54795 | Vaults:1 | Reached XP level 20. HP: 164/234 MP: 9/27
 55788 | Vaults:1 | Reached skill level 5 in Armour
 55885 | Vaults:1 | Received a gift from Okawaru
 56542 | Vaults:2 | Noticed Bai Suzhen
 56546 | Vaults:2 | Noticed Xtahua
 56560 | Vaults:2 | Killed Xtahua
 56560 | Vaults:2 | Received a gift from Okawaru
 56568 | Vaults:2 | Killed Bai Suzhen
 56898 | Vaults:2 | Got a smoking robe {god gift}
 56927 | Vaults:1 | Identified the +2 robe "Uckecil" {rElec rF- Regen+ MP+9}
                  | (Okawaru gifted it to you on level 2 of the Vaults)
 57533 | Vaults:2 | Found a staircase to the Crypt.
 58912 | Vaults:2 | Found a runed translucent gate.
 58912 | Vaults:2 | Found a runed translucent gate.
 58912 | Vaults:2 | Found a runed translucent gate.
 58914 | Vaults:2 | Noticed crisisinutopia's ghost (adept MiFi)
 59293 | Vaults:2 | Reached skill level 22 in Fighting
 59736 | Vaults:3 | Received a gift from Okawaru
 60550 | Vaults:3 | Reached XP level 21. HP: 103/245 MP: 9/28
 61063 | Vaults:3 | Found a runed translucent door.
 61063 | Vaults:3 | Noticed avis's ghost (adept BaIE)
 61705 | Vaults:3 | Reached skill level 10 in Armour
 62055 | Vaults:3 | Killed avis's ghost
 62172 | Vaults:4 | Received a gift from Okawaru
 62723 | Vaults:4 | Received a gift from Okawaru
 62730 | Vaults:4 | Received a gift from Okawaru
 62741 | Vaults:4 | Identified the +1 robe of Time Monsters {Str+5} (Okawaru
                  | gifted it to you on level 4 of the Vaults)
 62901 | Vaults:4 | Reached skill level 23 in Fighting
 64200 | Elf:1    | Entered Level 1 of the Elven Halls
 65245 | Elf:1    | Reached XP level 22. HP: 238/260 MP: 20/29
 65613 | Elf:2    | Found a ruined gateway.
 65642 | Desolati | Entered the Desolation of Salt
 66114 | Desolati | Received a gift from Okawaru
 66593 | Desolati | Got a flickering bronze ring
 66594 | Desolati | Identified the ring of Raomm {*Tele rF+} (You found it in
                  | the Desolation of Salt)
 66636 | Desolati | Received a gift from Okawaru
 66658 | Desolati | Identified the +1 robe of the Moneychanger {rElec MR-
                  | Dex+3} (Okawaru gifted it to you in the Desolation of Salt)
 66664 | Desolati | Identified the Catalogue of the Mutagenic Frostbite
 67274 | D:12     | Learned a level 7 spell: Dragon Form
 67437 | Elf:2    | Found Hiumimak's Antique Armour Shoppe.
 67698 | Elf:2    | Found Xecinag's General Store.
 67717 | Elf:2    | Found Sizxoryf's Distillery.
 67858 | Elf:2    | Reached skill level 24 in Fighting
 68221 | Elf:2    | Found a huge runed translucent gate.
 68221 | Elf:2    | Found a huge runed translucent gate.
 68222 | Elf:2    | Found a huge runed translucent gate.
 68223 | Elf:2    | Found a huge runed translucent gate.
 68226 | Elf:2    | Found a huge runed translucent gate.
 68312 | Elf:2    | Noticed Agnes
 68322 | Elf:2    | Killed Agnes
 69042 | Elf:2    | Gained mutation: Your magical capacity is low. (-10% MP)
                  | [mutagenic glow]
 69263 | Elf:2    | Received a gift from Okawaru
 69445 | Elf:3    | Entered Level 3 of the Elven Halls
 69474 | Elf:3    | Found a frozen archway.
 69493 | IceCv    | Entered an ice cave
 69918 | IceCv    | Lost mutation: You are dopey. (Int -2) [potion of mutation]
 69918 | IceCv    | Lost mutation: You are partially covered in yellow scales.
                  | (AC +2) [potion of mutation]
 69918 | IceCv    | Gained mutation: You are partially covered in thin metallic
                  | scales. (AC +2) [potion of mutation]
 69918 | IceCv    | Gained mutation: You are resistant to electric shocks.
                  | (rElec) [potion of mutation]
 70445 | IceCv    | Reached XP level 23. HP: 271/271 MP: 13/27
 71477 | Elf:3    | Gained mutation: You are dopey. (Int -2) [mutagenic glow]
 71488 | Elf:3    | Gained mutation: Scrolls take you a little longer to read.
                  | [mutagenic glow]
 71792 | Elf:3    | Received a gift from Okawaru
 72356 | Elf:3    | Gained mutation: You are frail. (-10% HP) [a neqoxec]
 72357 | Elf:3    | Gained mutation: You are clumsy. (Dex -2) [a neqoxec]
 72399 | Elf:3    | Got a serpentine lead amulet
 72401 | Elf:3    | Got a sparkling graven amulet
 72404 | Elf:3    | Identified the amulet of Rahodib {Inacc Int+5} (You found
                  | it on level 3 of the Elven Halls)
 72406 | Elf:3    | Identified the amulet "Gaxty" {Inacc rC+ rN++} (You found
                  | it on level 3 of the Elven Halls)
 72842 | Depths:1 | Entered Level 1 of the Depths
 73394 | Depths:1 | Found a glowing golden altar of the Shining One.
 73504 | Depths:1 | Found a gateway to Hell.
 73934 | Depths:1 | Reached skill level 15 in Transmutations
 73940 | Depths:1 | Reached skill level 15 in Dodging
 74182 | Depths:1 | Lost mutation: You are partially covered in thin metallic
                  | scales. (AC +2) [mutagenic glow]
 74595 | Vaults:2 | Received a gift from Okawaru
 74603 | Vaults:2 | Killed crisisinutopia's ghost
 74612 | Vaults:2 | Lost mutation: You are frail. (-10% HP) [potion of
                  | mutation]
 74612 | Vaults:2 | Lost mutation: You are dopey. (Int -2) [potion of mutation]
 74612 | Vaults:2 | Gained mutation: You do not regenerate when monsters are
                  | visible. [potion of mutation]
 74612 | Vaults:2 | Lost mutation: Your spells are a little easier to cast, but
                  | a little less powerful. [potion of mutation]
 74612 | Vaults:2 | Gained mutation: Scrolls take you longer to read. [potion
                  | of mutation]
 74612 | Vaults:2 | Lost mutation: You are clumsy. (Dex -2) [potion of
                  | mutation]
 75303 | Depths:2 | Received a gift from Okawaru
 75307 | Depths:2 | Noticed Mara
 75318 | Depths:2 | Noticed mandarbmax's illusion
 75330 | Depths:2 | Noticed mandarbmax's illusion
 75334 | Depths:2 | Noticed a golden dragon
 75336 | Depths:2 | Noticed mandarbmax's illusion
 75336 | Depths:2 | HP: 7/406 [Mara/+3 demon trident of venom (19)]
 75336 | Depths:2 | Slain by an ettin

Illustrated notes

Levels and vault maps discovered:
D:1:      minmay_arrival_up_and_down, layout_loops_ring, minmay_pentomino_u2
D:2:      layout_basic, small_statue_intersection, uniq_sigmund
D:3:      layout_basic, regret_index_temple_of_mockery, old_standard_altar,
          lemuel_crystal_altar, skrybe_limestone_x, kennysheep_orc_chapel,
          uniq_crazy_yiuf_cottage, uniq_ijyb
D:4:      layout_basic, grunt_temple_overflow_open, chei_slow_surprise
D:5:      layout_gridville, grunt_temple_overflow_opulence,
          nicolae_ossuary_entry_giza, serial_shops, shop_coins
D:6:      layout_rooms, minmay_temple_entry_ruins, serial_glass,
          glass_columns_a, glass_columns_b, minmay_misc_feat_enclosed,
          kennysheep_decorative_pillar, uniq_maggie, uniq_grinder,
          uniq_blork_the_orc
D:7:      layout_cave_pools, serial_shops, shop, evilmike_ruin_ashenzari,
          uniq_prince_ribbit1, uniq_pikel
D:8:      layout_cave_pools, gammafunk_temple_overflow_claw,
          general_overflow_altar, old_standard_altar, minivault_10
D:9:      layout_loops_ring, due_lair_maze_entry_diamond, serial_shops,
          nicolae_shop_behind_doors, serial_park_tiny_2
D:10:     layout_roguey, erik_orc_1
D:11:     layout_loops_corners, chequers_serial_rivers_small_3,
          minmay_sticks_and_stones, uniq_erica
D:12:     layout_stronghold, minmay_parallelograms, hangedman_pestilent_swarm,
          uniq_frances, uniq_gastronok
D:13:     layout_cave_pods, hangedman_vaults_entry_quadrant_bands,
          dk_noncrumbling_3, uniq_josephine
D:14:     layout_irregular_city, serial_shops, nicolae_shop_crystal
D:15:     gammafunk_enter_depths_forms, layout_cross, basic_altar
Temple:   jpeg_temple_island
Lair:1:   layout_regular_city, minmay_lair_oklob_chamber, grunt_megastairs_5,
          uniq_sonja, uniq_joseph
Lair:2:   layout_misc_corridors, uniq_urug
Lair:3:   layout_layer_cave, guppyfry_snake_entry_garden
Lair:4:   cheibrodos_lair_river_kwai, layout_regular_city, swamp_mist,
          minmay_stone_trees_small, hibernation_bobbens,
          infiniplex_staircase_pool
Lair:5:   layout_regular_city, minmay_slime_entry_oklob_open
Lair:6:   minmay_lair_end_frog_pond, layout_cave_pods, minmay_lair_drake_nest
Swamp:1:  layout_basic_swamp, evilmike_swamp_ruin_rubble_2, swamp_pool3,
          uniq_nikola
Swamp:2:  cheibrodos_swamp_mausoleum, layout_basic_swamp,
          evilmike_swamp_ruin_house_3, infiniplex_staircase_pool_2
Swamp:3:  layout_falls_marsh, evilmike_swamp_ruin_house_4
Swamp:4:  swamp_icy, layout_basic_swamp, swamp_pool1
Snake:1:  layout_honeycomb, serial_bayou_pond_c, grunt_ministairs_10,
          guppyfry_snake_island, uniq_jorgrun
Snake:2:  layout_grid_maze
Snake:3:  gammafunk_sealed_arena, layout_rooms, serial_corexii_hall,
          chequers_hall_statues_wall_a, corexii_hall_statues_i,
          corexii_hall_statues_i, st_stairs_9
Snake:4:  grunt_snake_rune_pools, layout_rooms, serial_shops, shop, uniq_donald,
          uniq_aizul
Orc:1:    layout_caves, roderic_batcave
Orc:2:    st_orc_ogre_mass, layout_diamond_mine, basic_altar, elf_legates
Elf:1:    minmay_elf_arrival_circle, layout_gridlike, evilmike_minifort
Elf:2:    layout_geoelf_octagon, portal_desolation_entry_twin_temple,
          serial_shops, shop_fountains, shop, nicolae_shop_crystal,
          nicolae_elf_stone_circles, uniq_agnes, uniq_louise
Elf:3:    grunt_elf_hall_asides, layout_geoelf_diagonals,
          portal_ice_cave_entry_pillars_1
Vaults:1: v_misc_18, v_misc_10, vaults_room_semicircle, ontoclasm_vaults_twist,
          v_pattern_3, nicolae_vaults_big_angled_halls,
          ontoclasm_vaults_ring_square, hangedman_vaults_snaps,
          nicolae_vaults_triangles, vaults_room_ringed_pool, v_misc_3,
          nicolae_vaults_asterisk, vaults_mumra_chevron_long, layout_vaults_maze
Vaults:2: gammafunk_vaults_ghost_spectres, v_misc_8, ontoclasm_vaults_shuriken,
          minmay_crypt_entry_simple_sparse, v_misc_10, layout_vaults_quadrants,
          uniq_bai_suzhen, uniq_xtahua
Vaults:3: ebering_vaults_ghost_inner_flame, v_misc_29,
          vaults_standard_mumra_enter_the_diamond, vaults_room_hallway,
          nicolae_vaults_three_branches, nicolae_vaults_display_case,
          vaults_room_fours, serial_ice_g, ontoclasm_vaults_misaligned,
          v_alt_pattern_3, layout_vaults_omnicross
Vaults:4: nicolae_vaults_windows_and_doors_thing, v_misc_14,
          vaults_mumra_chevron, v_misc_22, ontoclasm_vaults_shout,
          hangedman_vaults_cutoff, grunt_vaults_diagonal, layout_vaults_big_room
Depths:1: layout_basic, hangedman_coc_ice_floe, tso_metal_star, st_stairs_10,
          kennysheep_small_circle
Depths:2: evilmike_cross, layout_cave_shapes, serial_shops, kennysheep_mini,
          nicolae_shop_crystal, grunt_mini_vestibule, kennysheep_boxes,
          uniq_mara

Skill      XL: |  1  2  3  4  5  6  7  8  9 10 11 12 13 14 15 16 17 18 19 20 21 22 23 |
---------------+----------------------------------------------------------------------+-----
Dodging        | 2 4 7 9 10 12 14 15 | 15.0
Transmutations | 2 4 5 7 9 11 13 14 15 | 15.0
Fighting       | 2 3 5 7 9 10 11 13 15 16 17 18 19 20 21 22 23 24 | 24.0
Unarmed Combat | 3 4 6 7 9 10 11 12 13 14 15 17 18 | 18.5
Spellcasting   | 3 |  3.0
Ice Magic      | 2 3 4 6 8 |  8.9
Throwing       | 5 6 |  6.0
Invocations    | 4 6 9 10 | 10.0
Evocations     | 3 5 6 |  6.0
Armour         | 4 8 12 | 12.0

Action                   |  1- 3 |  4- 6 |  7- 9 | 10-12 | 13-15 | 16-18 | 19-21 | 22-24 || total
-------------------------+-------+-------+-------+-------+-------+-------+-------+-------++-------
Melee: Unarmed           |    90 |    83 |   293 |   439 |   728 |  1074 |   984 |   700 ||  4391
       Kick              |    17 |     1 |       |       |       |       |       |       ||    18
       Headbutt          |    12 |       |       |       |       |       |       |       ||    12
       Punch             |       |       |     2 |     1 |       |    14 |    53 |    55 ||   125
       Staff             |       |       |       |       |       |    14 |     5 |       ||    19
       Tailslap          |       |       |       |       |       |       |       |    66 ||    66
       Bite              |       |       |       |       |       |       |       |    45 ||    45
Throw: Dart              |       |       |    14 |    14 |    19 |       |       |       ||    47
       Large rock        |       |       |       |     7 |     3 |     2 |     2 |       ||    14
 Cast: Beastly Appendage |    29 |     1 |       |       |       |       |       |       ||    30
       Spider Form       |     2 |    14 |    24 |    21 |       |       |       |       ||    61
       Wereblood         |     1 |     3 |    11 |    15 |    28 |    41 |    44 |    18 ||   161
       Ice Form          |       |       |    22 |    36 |    91 |    24 |       |       ||   173
       Hydra Form        |       |       |       |       |     2 |    71 |    13 |     7 ||    93
       Blade Hands       |       |       |       |       |       |    44 |    99 |    11 ||   154
       Ozocubu's Armour  |       |       |       |       |       |       |    27 |    16 ||    43
       Dragon Form       |       |       |       |       |       |       |       |    33 ||    33
Invok: Heroism           |       |       |       |     1 |     4 |     9 |    10 |     5 ||    29
       Finesse           |       |       |       |       |       |     5 |     4 |     1 ||    10
 Abil: End Transformatio |       |       |       |     1 |       |     3 |     2 |     2 ||     8
       Breathe Fire      |       |       |       |       |       |       |       |    11 ||    11
Evoke: Wand              |       |       |     9 |     9 |    12 |    20 |     8 |       ||    58
       Condenser vane    |       |       |       |     1 |     2 |     2 |     4 |     2 ||    11
       Tin of tremorston |       |       |       |       |     2 |     1 |     8 |     5 ||    16
       Phantom mirror    |       |       |       |       |     1 |     2 |       |     1 ||     4
       Lightning rod     |       |       |       |       |       |     4 |     9 |     7 ||    20
       Box of beasts     |       |       |       |       |       |       |     3 |     1 ||     4
  Use: Scroll            |       |       |    15 |    14 |     7 |    20 |     8 |    13 ||    77
       Potion            |       |       |     1 |     2 |     3 |    13 |     4 |    11 ||    34
 Stab: Paralysed         |       |       |     3 |       |       |       |       |       ||     3
       Confused          |       |       |       |       |       |     1 |       |       ||     1
Armor: Robe              |    29 |     6 |    36 |       |       |       |       |       ||    71
       Skin              |       |     1 |    40 |    86 |   138 |   132 |    18 |   156 ||   571
       Acid dragon scale |       |       |       |     5 |     4 |   116 |   235 |    72 ||   432
Dodge: Dodged            |    45 |    42 |   146 |   180 |   314 |   462 |   456 |   303 ||  1948
       Repelled          |       |       |       |       |       |       |       |     4 ||     4
Block: Other             |     2 |    25 |    10 |   125 |   241 |   320 |   288 |   208 ||  1219
       Reflection        |       |     1 |       |       |       |       |       |       ||     1

Table legend: (Time is in decaauts)
 A = Elapsed time spent in this place.
 B = Non-inter-level travel time spent in this place.
 C = Inter-level travel time spent in this place.
 D = Time resting spent in this place.
 E = Time spent auto-exploring this place.
 F = Levels seen in this place.
 G = Mean time per level.
                   A        B        C        D        E       F      G
               +--------+--------+--------+--------+--------+-----+--------+
         Total |  74544 |  69575 |   4969 |  22987 |  35224 |  44 | 1694.2 |
       Dungeon |  21333 |  19552 |   1781 |   4339 |  12288 |  15 | 1422.2 |
        Temple |    201 |    184 |     17 |    162 |      0 |   1 |  201.0 |
          Lair |  12925 |  11823 |   1102 |   3713 |   6709 |   6 | 2154.2 |
         Swamp |   7735 |   7372 |    363 |   4037 |   2225 |   4 | 1933.8 |
     Snake Pit |   9419 |   9073 |    346 |   4116 |   3484 |   4 | 2354.8 |
  Orcish Mines |   2752 |   2503 |    249 |    795 |   1279 |   2 | 1376.0 |
   Elven Halls |   5114 |   4813 |    301 |   1029 |   2789 |   3 | 1704.7 |
        Vaults |  10168 |   9434 |    734 |   3374 |   4340 |   4 | 2542.0 |
        Depths |   1465 |   1393 |     72 |    187 |    904 |   2 |  732.5 |
       Ossuary |    720 |    720 |      0 |     26 |    585 |   1 |  720.0 |
      Ice Cave |   1344 |   1344 |      0 |    582 |    452 |   1 | 1344.0 |
    Desolation |   1361 |   1361 |      0 |    625 |    169 |   1 | 1361.0 |
               +--------+--------+--------+--------+--------+-----+--------+

Top non-repeatable levels by time:
Vaults:1: 3676 daAuts
 Snake:3: 3671 daAuts
 Swamp:2: 3064 daAuts
  Lair:6: 2702 daAuts
  Lair:5: 2686 daAuts
   Elf:2: 2508 daAuts
Vaults:3: 2500 daAuts
  Lair:4: 2442 daAuts
Vaults:2: 2271 daAuts
  Lair:3: 2084 daAuts
 Snake:2: 2063 daAuts
     D:2: 2052 daAuts
    D:13: 2047 daAuts
 Swamp:4: 1999 daAuts
 Swamp:1: 1997 daAuts
